 Dungeon Crawl Stone Soup version 0.19-a0-1886-gd64a0f0 (webtiles) character file.

655 MrRokkomies the Skirmisher (level 7, -6/78 HPs)
             Began as a Human Wanderer on Oct 16, 2016.
             Was a Believer of Jiyva.
             Killed by divine providence
             ... invoked by an orc priest
              (17 damage)
             ... on level 5 of the Dungeon.
             The game lasted 00:10:52 (4742 turns).

MrRokkomies the Skirmisher (Human Wanderer)         Turns: 4742, Time: 00:10:53

Health: -6/78      AC: 27    Str: 14    XL:     7   Next: 85%
Magic:  10/10      EV:  2    Int: 12    God:    Jiyva [**....]
Gold:   236        SH:  0    Dex: 13    Spells: 3 memorised, 4 levels left

rFire  . . .     SeeInvis +     d - +2 dagger (elec)
rCold  . . .     Gourm    .     (armour currently unavailable)
rNeg   + + +     Faith    +     (no shield)
rPois  +         Spirit   .     (helmet currently unavailable)
rElec  .         Dismiss  .     (cloak currently unavailable)
rCorr  .         Reflect  .     (gloves currently unavailable)
MR     .....     Harm     .     (boots currently unavailable)
Stlth  +......... Clarity  +    q - amulet of faith NoTele +
                                G - ring of see invisible
                                j - +4 ring of protection

@: tree-form
A: (horns 0), clarity, (cold resistance 0), frail 1, teleportitis 1, no device
heal 1
a: Request Jelly, Renounce Religion


You were on level 5 of the Dungeon.
You worshipped Jiyva.
Jiyva was pleased with you.
You were hungry.
You were a tree.
You visited 1 branch of the dungeon, and saw 5 of its levels.

You collected 236 gold pieces.

Inventory:

Hand Weapons
 b - a +0 spear
 d - a +2 dagger of electrocution (weapon)
 n - a +2 quarterstaff of chaos
Missiles
 l - a throwing net (quivered)
 p - 221 stones
 x - 4 javelins
Armour
 o - a +0 helmet
 y - a +0 plate armour (melded)
 A - a +1 cloak (melded)
Jewellery
 j - a +4 ring of protection (left branch)
 q - an amulet of faith (around neck)
 C - an uncursed ring of wizardry
 G - a ring of see invisible (right branch)
Wands
 c - a wand of flame (25/48)
 k - a wand of flame (9/48)
 s - a wand of digging (12/24)
Scrolls
 e - a scroll of remove curse
 g - 4 scrolls of recharging
 t - 4 scrolls of teleportation
 z - a scroll of blinking
Potions
 h - 3 potions of haste
 i - a potion of resistance
 m - 2 potions of brilliance
 r - a potion of lignification
 u - a potion of beneficial mutation {unknown}
 v - a potion of agility {unknown}
 w - 3 potions of flight
 D - a potion of invisibility {unknown}
Books
 a - a book of Minor Magic

   Spells                             Type                      Level
   a - Magic Dart                     Conjuration                  1
   b - Blink                          Translocation                2
   c - Call Imp                       Summoning                    2
   d - Repel Missiles                 Charms/Air                   2
   e - Slow                           Hexes                        2
   f - Conjure Flame                  Conjuration/Fire             3
   g - Mephitic Cloud                 Conjuration/Poison/Air       3
Comestibles
 f - 3 bread rations
 F - 2 meat rations


   Skills:
 * Level 6.0 Fighting
 - Level 2.2 Polearms
 - Level 1.0 Throwing
 - Level 1.0 Armour
   Level 1.0 Shields
 - Level 2.0 Spellcasting
 * Level 4.6 Summonings
 - Level 1.0 Air Magic
   Level 2.0 Poison Magic


You had 4 spell levels left.
You knew the following spells:

 Your Spells              Type           Power        Failure   Level  Hunger
a - Call Imp              Summ           ##......     8%          2    ###....
b - Blink                 Tloc           N/A          38%         2    ###....
c - Repel Missiles        Chrm/Air       #.....       34%         2    ###....


Dungeon Overview and Level Annotations

Branches:
Dungeon (5/15)
 Temple: D:4-7

Altars:
Cheibriados
Elyvilon
Gozag
Kikubaaqudgha
Okawaru
Ru
Vehumet
Xom
Jiyva

Shops:
D:5 (


Innate Abilities, Weirdness & Mutations

((You have a pair of small horns on your head.))
You possess an exceptional clarity of mind.
((Your flesh is cold resistant. (rC+)))
You are frail. (-10% HP)
You are occasionally teleported next to monsters.
Potions and wands are less effective at restoring your health.


Message History

Things that are here:
a whip; a short sword; an orc corpse The orc priest casts a cantrip, but nothing happens.
It was a potion of flight.
You feel very buoyant.
You fly up into the air.
The orc completely misses you.
It was a potion of lignification.
You turn into a tree.
Your +1 cloak melds into your body.
Your +0 plate armour melds into your body.
Your roots penetrate the ground.
The orc hits you but does no damage.
Evoke which item? (* to show all) (? for menu, Esc to quit)
Zapping:
c - a wand of flame (will waste charges)
Press: ? - help, Shift-Dir - straight line, f - orc
Aim: an orc, wielding a trident The puff of flame hits the orc.
The orc is almost dead.
Evoking this partially-identified wand wasted a few charges.
The orc priest calls down the wrath of Beogh upon you.
Beogh smites you!
You die...

#.# #.# #......
#.# #.# #.###.#
#.# #.# #.# #.#
#.# #.# ### #.#
#.# #.# #.# #o#
#.# #.# #.# #.#
#.#
#.###########.#
#.#
#.)...ooo.7...#
#..
#############.#
### ###


You could see an orc priest and 2 orcs.

Vanquished Creatures
  Sigmund (D:2)
  A scorpion (D:5)
  A crimson imp (D:3)
  Crazy Yiuf (D:4)
  A bullfrog skeleton (D:5)
  2 orc priests
  Natasha (thrice) (D:2)
  Ijyb (D:2)
  Robin (D:2)
  7 adders
  A worm (D:4)
  3 dart slugs
  3 leopard geckos
  9 orcs
  11 bats
  5 giant cockroaches
  21 goblins
  11 hobgoblins
  2 jackals (D:2)
  5 quokkas
  A ball python (D:2)
  A ball python zombie (D:5)
  6 frilled lizards
  6 kobolds
  8 rats
112 creatures vanquished.

Vanquished Creatures (others)
  2 jellies (D:5)
  A fungus (D:4)
3 creatures vanquished.

Grand Total: 115 creatures vanquished

Notes
Turn   | Place    | Note
-------+----------+-------------------------------------------
     0 | D:1      | MrRokkomies the Human Wanderer began the quest for the Orb.
     0 | D:1      | MrRokkomies set off with: a book of Minor Magic, a +0 spear, a potion of curing, a +0 robe, a bread ration
     0 | D:1      | Reached XP level 1. HP: 16/16 MP: 3/3
   168 | D:1      | Reached skill level 1 in Polearms
   168 | D:1      | Reached XP level 2. HP: 23/23 MP: 5/5
   533 | D:1      | Reached XP level 3. HP: 28/28 MP: 6/6
   753 | D:2      | Reached skill level 3 in Fighting
   785 | D:2      | Reached XP level 4. HP: 25/35 MP: 7/7
   875 | D:2      | Learned a level 2 spell: Call Imp
   878 | D:2      | Learned a level 2 spell: Blink
   881 | D:2      | Learned a level 2 spell: Repel Missiles
   906 | D:2      | Noticed Ijyb
   925 | D:2      | Killed Ijyb
   929 | D:2      | Reached skill level 1 in Summonings
  1317 | D:2      | Noticed Robin
  1321 | D:2      | Noticed Natasha
  1330 | D:2      | Killed Natasha
  1330 | D:2      | Reached XP level 5. HP: 32/42 MP: 8/8
  1392 | D:2      | Reached skill level 4 in Fighting
  1395 | D:2      | Killed Robin
  1778 | D:2      | Noticed Natasha
  1788 | D:2      | Killed Natasha
  1788 | D:2      | Reached XP level 6. HP: 27/48 MP: 9/9
  1967 | D:2      | Noticed Natasha
  1976 | D:2      | Killed Natasha
  2031 | D:2      | Noticed Sigmund
  2040 | D:2      | Killed Sigmund
  2040 | D:2      | Reached skill level 5 in Fighting
  2040 | D:2      | Reached XP level 7. HP: 48/56 MP: 10/10
  2198 | D:2      | Found an iron altar of Okawaru.
  2346 | D:3      | Found an opulent altar of Gozag.
  2749 | D:3      | Gained mutation: You are frail. (-10% HP) [potion of mutation]
  2749 | D:3      | Gained mutation: You have a pair of small horns on your head. [potion of mutation]
  2749 | D:3      | Gained mutation: Potions and wands are less effective at restoring your health. [potion of mutation]
  2750 | D:3      | Gained mutation: You are occasionally teleported next to monsters. [potion of mutation]
  2750 | D:3      | Gained mutation: Your flesh is cold resistant. (rC+) [potion of mutation]
  2750 | D:3      | Gained mutation: You possess an exceptional clarity of mind. [potion of mutation]
  2765 | D:3      | Found a faded altar of an unknown god.
  2800 | D:3      | Became a worshipper of Jiyva Juepputa the Shapeless
  2800 | D:3      | Reached * piety under Jiyva
  3651 | D:4      | Found a sacrificial altar of Ru.
  3818 | D:4      | Found a shimmering altar of Xom.
  3818 | D:4      | Found an ancient bone altar of Kikubaaqudgha.
  3995 | D:4      | Found a runed door.
  3999 | D:4      | Noticed Crazy Yiuf
  4004 | D:4      | Killed Crazy Yiuf
  4121 | D:5      | Entered Level 5 of the Dungeon
  4121 | D:5      | Found Quetzuif's Weapon Shoppe.
  4368 | D:5      | Reached ** piety under Jiyva
  4563 | D:5      | Found a white marble altar of Elyvilon.
  4588 | D:5      | Found a faded altar of an unknown god.
  4588 | D:5      | Found a faded altar of an unknown god.
  4593 | D:5      | Found a faded altar of an unknown god.
  4595 | D:5      | Found a radiant altar of Vehumet.
  4596 | D:5      | Found a snail-covered altar of Cheibriados.
  4730 | D:5      | Reached skill level 6 in Fighting
  4742 | D:5      | Killed from afar by an orc priest

Vault maps used:
D:1:      minmay_arrival_widening_spiral_wide, grunt_decor_cap
D:2:      lemuel_doored_altar, uniq_iyjb, uniq_natasha, uniq_robin, uniq_sigmund
D:3:      nicolae_gozag_seed_capital, ecumenical_altar_2, first_bread
D:4:      gammafunk_temple_overflow_wave, minivault_14,
          nicolae_ru_the_path_less_chosen, uniq_crazy_yiuf_cottage
D:5:      kennysheep_mini_moat, chequers_temple_overflow_minitemple,
          serial_shops, shop, nicolae_shop_trees, shop_fountains

Skill      XL: |  1  2  3  4  5  6  7 |
---------------+----------------------+-----
Polearms       | 1 2 |  2.2
Fighting       | 3 4 5 6 |  6.0
Summonings     | 1 2 3 4 |  4.6
Throwing       | |  1.0
Armour         | |  1.0
Shields        | |  1.0
Spellcasting   | |  2.0
Air Magic      | |  1.0
Poison Magic   | |  2.0

Action                   |  1- 3 |  4- 6 |  7- 9 || total
-------------------------+-------+-------+-------++-------
Melee: Spear             |   121 |       |       ||   121
       Dagger            |       |   134 |   135 ||   269
       Headbutt          |       |       |     5 ||     5
Evoke: Wand              |       |       |     1 ||     1
  Use: Scroll            |     6 |       |     7 ||    13
       Potion            |       |     2 |     4 ||     6
  Eat: Chunk             |       |     4 |     6 ||    10
       Beef jerky        |       |       |     1 ||     1
Armor: Scale mail        |    66 |    90 |    56 ||   212
       Plate armour      |       |       |    15 ||    15
       Skin              |       |       |     1 ||     1
Dodge: Dodged            |    37 |    65 |    57 ||   159
